 Dungeon Crawl Stone Soup version 0.19.5 (webtiles) character file.

84 Monsterracer the Cudgeler (level 4, -3/49 HPs)
             Began as an Ogre Monk on Dec 30, 2017.
             Slain by a gnoll
             ... wielding a +0 flail
              (7 damage)
             ... on level 2 of the Dungeon.
             The game lasted 00:03:08 (1470 turns).

Monsterracer the Cudgeler (Ogre Monk)               Turns: 1470, Time: 00:03:08

Health: -3/49      AC:  3    Str: 17    XL:     4   Next: 46%
Magic:  4/4        EV: 11    Int:  9    God:
Gold:   95         SH:  0    Dex: 12    Spells: 0 memorised, 3 levels left

rFire  . . .     SeeInvis +     a - +0 mace
rCold  . . .     Gourm    .     b - +0 robe
rNeg   . . .     Faith    .     (no shield)
rPois  .         Spirit   .     (helmet restricted)
rElec  .         Reflect  .     (no cloak)
rCorr  .         Harm     .     (gloves unavailable)
MR     .....                    (boots unavailable)
Stlth  ++........               (no amulet)
                                (no ring)
                                e - ring of see invisible

@: no status effects
A: unfitting armour, tough skin 1
a: no special abilities


You were on level 2 of the Dungeon.
You were not hungry.

You visited 1 branch of the dungeon, and saw 2 of its levels.

You collected 95 gold pieces.

Inventory:

Hand Weapons
 a - a +0 mace (weapon)
Armour
 b - a +0 robe (worn)
Jewellery
 e - a ring of see invisible (left hand)
Scrolls
 f - a scroll of blinking {unknown}
 g - a scroll of fear {unknown}
 j - 2 scrolls of remove curse {unknown}
 k - a scroll of recharging {unknown}
 l - 2 scrolls of teleportation {unknown}
 n - a scroll of magic mapping {unknown}
Potions
 i - a potion of might {unknown}
 m - a potion of lignification {unknown}
Comestibles
 c - 2 bread rations
 d - a beef jerky
 h - 4 fruits


   Skills:
 + Level 4.7 Fighting
 * Level 5.7 Maces & Flails
 + Level 3.1 Dodging
 - Level 1.4 Stealth


You had 3 spell levels left.
You didn't know any spells.

Dungeon Overview and Level Annotations

Branches:
Dungeon (2/15)

Altars:


Innate Abilities, Weirdness & Mutations

You are too large for most types of armour.
You have tough skin. (AC +1)


Message History

You butcher the frilled lizard corpse.
o - 2 chunks of flesh (gained 1)
Things that are here:
a frilled lizard skeleton; a jackal corpse You butcher the jackal corpse.
o - 4 chunks of flesh (gained 2)
You see here a frilled lizard skeleton.
Some of the chunks of flesh in your inventory have rotted away.
Eating one of 3 chunks of flesh.
You start eating one of the 3 chunks of flesh.
You are feeling hungry.
This raw flesh tastes terrible.
Key pressed, stopping explore.
c - 2 bread rations (gained 1)
Found a ring mail.
A gnoll comes into view.
The gnoll shouts!
Found an inky potion.
A hobgoblin comes into view.
A gnoll comes into view.
The gnoll shouts!
A frilled lizard and a gnoll come into view.
The frilled lizard hisses angrily.
All of the chunks of flesh in your inventory have rotted away.
You see here a frilled lizard skeleton.
The gnoll closely misses you.
You barely miss the gnoll. The gnoll closely misses you.
A gnoll comes into view. It is wielding a spear.
The gnoll shouts! x2
You sock the gnoll!
The gnoll is severely wounded.
You hit the gnoll.
The gnoll is moderately wounded.
You closely miss the gnoll.
The gnoll is moderately wounded.
The gnoll misses you.
You hit the gnoll.
The gnoll is severely wounded.
The gnoll hits you! The gnoll closely misses you.
You thump the gnoll!
You kill the gnoll!
You have reached level 4!
You closely miss the gnoll.
The gnoll is severely wounded.
The gnoll hits you!
You are too injured to fight recklessly!
You are too injured to fight recklessly!
You hit the gnoll.
The gnoll is almost dead.
The gnoll hits you.
You are too injured to fight recklessly!
You sock the gnoll!
You kill the gnoll!
You miss the frilled lizard. The frilled lizard closely misses you.
You hit the frilled lizard.
You kill the frilled lizard!
The gnoll hits you from afar with a spear.
The gnoll hits you with a spear.
You see here a gnoll corpse.
You hit the gnoll.
The gnoll is moderately wounded.
The gnoll misses you.
You closely miss the gnoll.
The gnoll is moderately wounded.
The gnoll hits you with a spear.
You hit the gnoll.
The gnoll is heavily wounded.
The gnoll hits you but does no damage. The gnoll misses you.
You hit the gnoll.
You kill the gnoll!
Unknown command.
You sock the gnoll!
The gnoll is severely wounded.
The gnoll hits you with a flail!
* * * LOW HITPOINT WARNING * * *
You hit the gnoll but do no damage.
The gnoll is severely wounded.
The gnoll hits you with a flail.
* * * LOW HITPOINT WARNING * * *
You closely miss the gnoll.
The gnoll is severely wounded.
The gnoll closely misses you.
You hit the gnoll.
The gnoll is almost dead.
The gnoll hits you with a flail.
* * * LOW HITPOINT WARNING * * *
You barely miss the gnoll.
The gnoll is almost dead.
The gnoll barely misses you.
You hit the gnoll but do no damage.
The gnoll is almost dead.
The gnoll hits you with a flail.
* * * LOW HITPOINT WARNING * * *
You closely miss the gnoll.
The gnoll is almost dead.
The gnoll barely misses you.
You hit the gnoll.
The gnoll is almost dead.
The gnoll hits you with a flail!
You die...

#÷..............
#÷........###...
#..........♣ #.
#..######♣..♣
#.#... #..# ♣...
#.....# ##.## ♣..
#...... #..# ..
#.##..# #g##
#.##..# #@#
##.##..# #.#
÷..##..#########.#
...##............#
...#.............#
##...............##
###.#............#
#..............#
#.#.#.#+#####...#


You could see a gnoll.

Vanquished Creatures
  3 gnolls (D:2)
  2 adders (D:2)
  A worm (D:2)
  A leopard gecko (D:2)
  2 giant cockroaches (D:2)
  3 goblins
  A hobgoblin (D:2)
  12 jackals
  2 bats (D:1)
  3 frilled lizards
  2 rats
32 creatures vanquished.

Notes
Turn   | Place    | Note
-------+----------+-------------------------------------------
     0 | D:1      | Monsterracer the Ogre Monk began the quest for the Orb.
     0 | D:1      | Reached XP level 1. HP: 24/24 MP: 1/1
   244 | D:1      | Reached XP level 2. HP: 32/32 MP: 2/2
   784 | D:2      | Reached XP level 3. HP: 31/40 MP: 3/3
   890 | D:2      | Reached skill level 5 in Maces & Flails
   896 | D:2      | HP: 20/40 [poisoned by an adder]
   901 | D:2      | HP: 18/40 [poisoned by an adder]
   907 | D:2      | HP: 17/40 [poisoned by an adder]
   915 | D:2      | HP: 16/40 [poisoned by an adder]
  1214 | D:2      | HP: 20/40 [jackal (1)]
  1220 | D:2      | HP: 19/40 [jackal (2)]
  1452 | D:2      | Reached XP level 4. HP: 40/49 MP: 4/4
  1463 | D:2      | HP: 18/49 [gnoll/flail (9)]
  1468 | D:2      | HP: 3/49 [gnoll/flail (6)]
  1470 | D:2      | Slain by a gnoll

Skill      XL: |  1  2  3 |
---------------+----------+-----
Maces & Flails | 5 |  5.7
Dodging        | 3 |  3.1
Fighting       | |  4.7
Stealth        | |  1.4

Action                   |  1- 3 |  4- 6 || total
-------------------------+-------+-------++-------
Melee: Mace              |    93 |    17 ||   110
 Stab: Sleeping          |     2 |       ||     2
  Eat: Chunk             |     2 |       ||     2
Armor: Robe              |    27 |     1 ||    28
Dodge: Dodged            |    64 |     6 ||    70

Vault maps used:
D:1:      kennysheep_arrival_forest
D:2:      kennysheep_ying_yang, ashenzari_altar_1, first_bread
